 Dungeon Crawl Stone Soup version 0.23.0-3-gf3c87f2 (webtiles) character file.

Game seed: 3979351408919464069

59 vladvlad the Caller (level 3, -1/26 HPs)
             Began as a Draconian Summoner on Feb 24, 2019.
             Slain by a gnoll
             ... wielding a +0 halberd
              (12 damage)
             ... on level 3 of the Dungeon.
             The game lasted 00:22:41 (2210 turns).

vladvlad the Caller (Draconian Summoner)            Turns: 2210, Time: 00:22:42

Health: -1/26      AC:  7    Str: 10    XL:     3   Next: 78%
Magic:  5/7        EV:  6    Int: 16    God:
Gold:   90         SH:  0    Dex: 11    Spells: 2/8 levels left

rFire    . . .     SeeInvis .   m - +0 dagger (drain)
rCold    + . .     Gourm    .   (no shield)
rNeg     . . .     Faith    .   (armour unavailable)
rPois    .         Spirit   .   (helmet restricted)
rElec    .         Reflect  .   (no cloak)
rCorr    .         Harm     .   c - +0 pair of gloves
MR       .....                  j - +0 pair of boots
Stlth    ++........             k - amulet of rage
HPRegen  0.08/turn              i - ring of protection from cold
MPRegen  0.10/turn              (no ring)

@: held, lightly drained
A: unfitting armour, cold-blooded, AC +5
a: Evoke Berserk Rage


You were on level 3 of the Dungeon.
You were not hungry.

You visited 1 branch of the dungeon, and saw 3 of its levels.

You collected 90 gold pieces.

Inventory:

Hand Weapons
 a - a +0 dagger
 m - a +0 dagger of draining (weapon)
Armour
 c - a +0 pair of gloves (worn)
 j - a +0 pair of boots (worn)
Jewellery
 i - a ring of protection from cold (left hand)
 k - an amulet of rage (around neck)
Scrolls
 d - 2 scrolls of teleportation
 e - a scroll of remove curse {unknown}
 f - a scroll of amnesia {unknown}
 g - 2 scrolls of identify
 o - a scroll of enchant weapon {unknown}
 p - a scroll of magic mapping {unknown}
Potions
 h - a potion of curing
 l - a potion of flight
Comestibles
 b - 4 rations
 n - 3 chunks of flesh


   Skills:
 - Level 1.7(1.4) Dodging
 - Level 1.7(1.4) Stealth
 + Level 3.1(2.7) Spellcasting
 + Level 4.8(4.4) Summonings


You had 2 spell levels left.
You knew the following spells:

 Your Spells              Type           Power        Failure   Level  Hunger
a - Summon Small Mammal   Summ           ###.         3%          1    #......
b - Call Imp              Summ           ###.....     4%          2    ##.....
c - Call Canine Familiar  Summ           ###.....     9%          3    ###....

Your spell library contained the following spells:

 Spells                   Type           Power        Failure   Level  Hunger
 Summon Guardian Golem    Hex/Summ       #.......     22%         3    ###....
 Summon Ice Beast         Ice/Summ       #.......     58%         4    #####..
 Summon Lightning Spire   Summ/Air       #.......     58%         4    #####..


Dungeon Overview and Level Annotations

Branches:
Dungeon (3/15)

Altars:


Innate Abilities, Weirdness & Mutations

Your plain brown scales are hard. (AC +5)
You cannot fit into any form of body armour.
You are cold-blooded and may be slowed by cold attacks.


Message History

A gnoll comes into view. It is wielding a +0 halberd.
The gnoll shouts!
Casting: Call Imp (safe; 4% risk of failure)
Confirm with . or Enter, or press ? or * to list all spells.
A gnoll comes into view. It is wielding a +0 club.
You swap places.
The gnoll throws a throwing net.
The throwing net barely misses your hound.
The throwing net hits you.
You become entangled in the net!
The gnoll hits you but does no damage.
Your hound bites the gnoll but does no damage.
Your hound barely misses the gnoll.
The gnoll hits you from afar with a +0 halberd!
Your hound bites the gnoll.
The gnoll hits your hound with a +0 club.
The gnoll hits you from afar with a +0 halberd!
Your hound bites the gnoll.
Your hound closely misses the gnoll.
The gnoll hits your hound with a +0 club.
The gnoll hits you from afar with a +0 halberd!
You die...

#....# #....# #....#
###....###### #########
...........# ###.......#
#....#....#
#......##.####
#....#....#
#.............
#!........######g......#
##............@hg..###.#
####..##...###########
#'# ..........<..# ...
####.#######.# .....
#........÷####### ....g.+
#########÷..............#
....................g.'
...####...............##
#........


You could see 2 gnolls and a friendly hound.

Vanquished Creatures
  An adder (D:2)
  2 leopard geckos (D:1)
  4 goblins
  A hobgoblin (D:2)
  2 jackals (D:3)
  A quokka (D:2)
  A bat (D:1)
  A frilled lizard (D:2)
  A rat (D:2)
14 creatures vanquished.

Vanquished Creatures (collateral kills)
  2 adders (D:2)
  A worm (D:2)
  A dart slug (D:2)
  A leopard gecko (D:2)
  A bat (D:1)
  3 giant cockroaches
  2 goblins (D:1)
  7 hobgoblins
  2 jackals
  5 kobolds
  A quokka (D:2)
  2 ball pythons
  4 frilled lizards
  2 rats (D:2)
34 creatures vanquished.

Grand Total: 48 creatures vanquished

Notes
Turn   | Place    | Note
-------+----------+-------------------------------------------
     0 | D:1      | vladvlad the Draconian Summoner began the quest for the
                  | Orb.
     0 | D:1      | Reached XP level 1. HP: 14/14 MP: 3/3
   264 | D:1      | Reached XP level 2. HP: 17/20 MP: 5/5
   268 | D:1      | Learned a level 2 spell: Call Imp
  1292 | D:2      | Reached XP level 3. HP: 26/26 MP: 1/7
  1414 | D:2      | Learned a level 3 spell: Call Canine Familiar
  2210 | D:3      | Slain by a gnoll

Skill      XL: |  1  2  3 |
---------------+----------+-----
Spellcasting   | 3 |  3.1
Dodging        | |  1.7
Stealth        | |  1.7
Summonings     | |  4.8

Action                   || total
-------------------------++-------
Melee: Dagger            ||    75
       Tailslap          ||     4
 Cast: Summon Small Mamm ||     9
       Call Imp          ||    27
       Call Canine Famil ||     1
  Use: Scroll            ||     2
       Potion            ||     1
  Eat: Chunk             ||     6
Armor: Skin              ||    26
Dodge: Dodged            ||    51
